AoeStats
← jude__88

Arabian Desert

510064092Analyzed
1v1 RM · 4d ago on Sep 29, 2026· 22m 23s· 2 players
Game mode
Random Map
Map size
Tiny (2 player)
Population
200
Speed
Normal
Resources
Standard
Victory
Conquest
Starting age
Dark Age
Ending age
Imperial Age
RankedLock teamsTeams togetherTeam positionsShared explorationLock speedFull tech treeHidden civsTurbo modeCheats
Victory
Defeat
🇭🇷 Malay · Croatia
664
+16
🇫🇷 Bulgarians · France
660
-35
jude__88
11:10 Feudal Age
12:27 Wheelbarrow
14:33 Loom
14:52 Horse Collar
16:59 Double-Bit Axe
20:45 Gold Mining
20:46 Stone Mining
Your Mama
11:44 Feudal Age
12:30 Double-Bit Axe
21:04 Castle Age
18:52 Man-at-Arms
21:35 Long Swordsman
Connection lost

Rejoining the realm…

Still unreachable

The connection could not be restored.

Session expired

The server has moved on; the page needs a fresh start.